 Dungeon Crawl Stone Soup version 0.28-a0-94-g325244837d (webtiles) character file.

Game seed: 8523428168388024209

68 deadmanwalking the Magician (level 4, 0/18 HPs)
             Began as a Spriggan Hedge Wizard on Aug 7, 2021.
             Succumbed to a kobold's poison
             ... on level 3 of the Dungeon.
             The game lasted 00:08:17 (2972 turns).

deadmanwalking the Magician (Spriggan Hedge Wizard) Turns: 2972, Time: 00:08:17

Health: 0/18       AC:  4    Str: 12    XL:     4   Next: 1%
Magic:  5/11       EV: 17    Int: 16    God:
Gold:   93         SH:  0    Dex: 14    Spells: 1/12 levels left

rFire   + . .      SeeInvis +   a - +0 dagger
rCold   . . .      Faith    .   (shield restricted)
rNeg    . . .      Spirit   .   f - +0 robe
rPois   .          Reflect  .   c - +0 hat
rElec   .          Harm     .   (no cloak)
rCorr   .          Rampage  .   (gloves unavailable)
Will    .....                   (boots unavailable)
Stlth   ++........              i - amulet of magic regeneration
HPRegen 0.06/turn               j - +6 ring of strength
MPRegen 0.37/turn               m - ring of protection from fire

@: lethally poisoned (0 -> -1), hasted, very quick
A: very small, no large weapons, unfitting armour, see invisible, speed 3,
iridescent scales 1, deterioration 1, frail 1, MP-powered wands
a: no special abilities


You were on level 3 of the Dungeon.
You visited 1 branch of the dungeon, and saw 3 of its levels.

You collected 93 gold pieces.

Inventory:

Hand Weapons
 a - a +0 dagger (weapon)
 b - a +0 hunting sling
Missiles
 d - 47 arrows
 e - 14 bolts
 g - 131 stones
Armour
 c - a +0 hat (worn)
 f - a +0 robe (worn)
Jewellery
 i - an amulet of magic regeneration (around neck)
 j - a +6 ring of strength (left hand)
 l - an amulet of the acrobat
 m - a ring of protection from fire (right hand)
Scrolls
 n - a scroll of fear


   Skills:
 + Level 3.3 Dodging
 - Level 3.0 Stealth
 * Level 4.7 Spellcasting
 * Level 1.5 Conjurations
 + Level 0.9 Summonings
 + Level 2.4 Translocations
 + Level 0.2 Fire Magic
 + Level 0.2 Air Magic
 + Level 0.3 Poison Magic


You had one spell level left.
You knew the following spells:

 Your Spells              Type           Power      Damage    Failure   Level
a - Magic Dart            Conj           32%        1d4       9%          1
b - Blink                 Tloc           N/A        N/A       9%          2
c - Call Imp              Summ           6%         N/A       16%         2
d - Conjure Flame         Conj/Fire      6%         6-21      32%         3
e - Mephitic Cloud        Conj/Pois/Air  6%         N/A       34%         3

Your spell library contained the following spells:

 Spells                   Type           Power      Damage    Failure   Level
 Sting                    Tmut/Pois      16%        1d3       14%         1
 Corona                   Hex            3%         N/A       16%         1
 Poisonous Vapours        Pois/Air       8%         N/A       22%         2
 Ensorcelled Hibernation  Hex/Ice        6%         N/A       24%         2
 Slow                     Hex            3%         N/A       24%         2
 Tukima's Dance           Hex            3%         N/A       43%         3
 Olgreb's Toxic Radiance  Pois           4%         N/A       80%         4


Dungeon Overview and Level Annotations

Branches:
Dungeon (3/15)

Altars:

Shops:
D:2 (


Innate Abilities, Weirdness & Mutations

You are very small and have problems with some larger weapons.
You are too small for most types of armour.
You have supernaturally acute eyesight. (SInv)
You cover ground extremely quickly. (Speed+++)
You are partially covered in iridescent scales. (AC +2)
Your body sometimes deteriorates upon taking damage.
You are frail. (-10% HP)
You expend magic power (3 MP) to strengthen your wands.


Message History

You feel very sick.
A goblin comes into view. It is wielding a +0 club.
The magic dart hits the goblin.
The goblin is severely wounded.
You feel sick.
The goblin unwields a +0 club.
The goblin wields a +0 hunting sling.
The goblin shoots a stone.
The stone closely misses you.
You are too injured to fight recklessly!
It was a potion of mutation.
You feel extremely strange.
You feel frail.
You feel your magical essence link to the dungeon's wands.
You feel yourself wasting away.
Iridescent scales grow over part of your body.
You feel sick.
The goblin shoots a stone.
The stone misses you.
Casting: Magic Dart (safe; 9% risk of failure)
Confirm with . or Enter, or press ? or * to list all spells.
Aiming: Magic Dart (safe; 9% risk of failure)
Press: ? - help, Shift-Dir - straight line, f/p - goblin
Aim: a goblin, wielding a +0 hunting sling and quivering stones (severely wounded, 100% to hit)
The magic dart hits the goblin.
You kill the goblin!
* * * LOW HITPOINT WARNING * * *
You feel sick.
You have reached level 4!
It was a potion of haste.
You feel yourself speed up.
* * * LOW HITPOINT WARNING * * *
You feel sick.
You aren't carrying any potions.
You are lethally poisoned (4 -> 0).
Your actions are hasted.
Your movement speed is very quick.
Your attack delay is about 0.7.
Your base attributes are Str 6, Int 16, Dex 14.
There is a lethal amount of poison in your body!
* * * LOW HITPOINT WARNING * * *
You feel sick.
* * * LOW HITPOINT WARNING * * *
You feel sick.
You see here a +0 dagger.
* * * LOW HITPOINT WARNING * * *
You feel sick.
You die...

####..# .. . # # ##.....#
)# #.# #.###..###.#..
###.. #.#.<..รท......
...... #.#.#..###.#..
.####. ##....)###.##. #..
######.#<........ ###.#
#................ #....
#.####..@######## #.#.#
#.####...# #.#.#
#.##.....# #.#.#
#.##.##..# #.#.#
#.##.##..# ########.#.#
#.>..#...## #..........#
####..#...####.######.###
#..#.......#.# #.#
#..##..####.## #.###


There were no monsters in sight!

Vanquished Creatures
  A hound zombie (D:3)
  An adder (D:2)
  7 ball pythons
  3 endoplasms
  2 giant cockroaches
  5 goblins
  4 hobgoblins
  2 jackals (D:1)
  2 quokkas
  4 bats
  3 frilled lizards (D:1)
  4 kobolds
  4 rats
42 creatures vanquished.

Vanquished Creatures (others)
  A fungus (D:1)
1 creature vanquished.

Grand Total: 43 creatures vanquished

Notes
Turn   | Place    | Note
-------+----------+-------------------------------------------
     0 | D:1      | deadmanwalking the Spriggan Hedge Wizard began the quest
                  | for the Orb.
     0 | D:1      | Reached XP level 1. HP: 9/9 MP: 6/6
   204 | D:1      | Reached skill level 1 in Conjurations
   355 | D:1      | Reached XP level 2. HP: 13/13 MP: 8/8
   559 | D:1      | Learned a level 2 spell: Blink
   765 | D:1      | Found a faded altar of an unknown god.
  1748 | D:2      | Reached XP level 3. HP: 10/16 MP: 1/10
  1751 | D:2      | Learned a level 2 spell: Call Imp
  1755 | D:2      | Learned a level 3 spell: Conjure Flame
  1759 | D:2      | Learned a level 3 spell: Mephitic Cloud
  1869 | D:2      | Found Suise's Weapon Shop.
  2960 | D:3      | Gained mutation: You are frail. (-10% HP) [potion of
                  | mutation]
  2960 | D:3      | Gained mutation: You expend magic power (3 MP) to
                  | strengthen your wands. [potion of mutation]
  2960 | D:3      | Gained mutation: Your body sometimes deteriorates upon
                  | taking damage. [potion of mutation]
  2960 | D:3      | Gained mutation: You are partially covered in iridescent
                  | scales. (AC +2) [potion of mutation]
  2962 | D:3      | Reached XP level 4. HP: 5/18 MP: 3/11
  2972 | D:3      | Succumbed to a kobold's poison

Illustrated notes

Levels and vault maps discovered:
D:1:      dpeg_cavernosity, layout_basic, chequers_ecumenical_altar_twisty
D:2:      layout_basic, serial_shops, shop, kennysheep_pointless_box,
          serial_park_tiny_2, minmay_misc_feat_enclosed
D:3:      layout_loops_ring

Skill      XL: |  1  2 |
---------------+-------+-----
Conjurations   | 1 |  1.5
Dodging        | 3 |  3.3
Translocations | 2 |  2.4
Stealth        | |  3.0
Spellcasting   | |  4.7
Summonings     | |  0.9
Fire Magic     | |  0.2
Air Magic      | |  0.2
Poison Magic   | |  0.3

Action                   |  1- 3 |  4- 6 || total
-------------------------+-------+-------++-------
Melee: Dagger            |     8 |       ||     8
 Cast: Magic Dart        |   117 |       ||   117
  Use: Scroll            |     4 |       ||     4
       Potion            |     1 |     1 ||     2
 Stab: Sleeping          |     2 |       ||     2
Armor: Robe              |     2 |       ||     2
Dodge: Dodged            |    33 |       ||    33

Table legend: (Time is in decaauts)
 A = Elapsed time spent in this place.
 B = Non-inter-level travel time spent in this place.
 C = Inter-level travel time spent in this place.
 D = Time resting spent in this place.
 E = Time spent auto-exploring this place.
 F = Levels seen in this place.
 G = Mean time per level.
                   A        B        C        D        E       F      G
               +--------+--------+--------+--------+--------+-----+--------+
         Total |   2243 |   2006 |    237 |      0 |   1750 |   3 |  747.7 |
       Dungeon |   2243 |   2006 |    237 |      0 |   1750 |   3 |  747.7 |
               +--------+--------+--------+--------+--------+-----+--------+

Top non-repeatable levels by time:
     D:1: 1189 daAuts
     D:2: 698 daAuts
     D:3: 355 daAuts
